 Dungeon Crawl Stone Soup version 0.26-a0-651-gb41185065b (webtiles) character file.

Game seed: 606560763777518962

631 kae the Ruffian (level 7, -4/52 HPs)
             Began as a White Draconian Transmuter on Oct 23, 2020.
             Was an Initiate of Wu Jian.
             Slain by an unseen horror (8 damage)
             ... on level 5 of the Dungeon.
             The game lasted 00:04:22 (6062 turns).

kae the Ruffian (White Draconian Transmuter)        Turns: 6062, Time: 00:04:23

Health: -4/52      AC:  6    Str: 14    XL:     7   Next: 24%
Magic:  9/10       EV: 12    Int: 14    God:    Wu Jian [......]
Gold:   360        SH:  0    Dex: 11    Spells: 4/10 levels left

rFire    + . .     SeeInvis .     - Unarmed
rCold    + . .     Faith    .   (no shield)
rNeg     + . .     Spirit   .   (armour unavailable)
rPois    .         Reflect  .   (helmet currently unavailable)
rElec    .         Harm     .   (no cloak)
rCorr    .         Rampage  .   (no gloves)
MR       .....                  (boots currently unavailable)
Stlth    +.........             (no amulet)
HPRegen  0.17/turn              g - ring of positive energy
MPRegen  0.12/turn              i - ring of protection from fire

@: appendages
A: breathe frost, unfitting armour, horns 2, talons 2, cold resistance 1,
cold-blooded, AC +6
a: Breathe Frost, End Transformation, Renounce Religion


You were on level 5 of the Dungeon.
You worshipped Wu Jian.
Wu Jian was noncommittal.
You had grown temporary horns.
You had grown temporary talons.
You visited 2 branches of the dungeon, and saw 6 of its levels.

You collected 360 gold pieces.

Inventory:

Jewellery
 g - a ring of positive energy (left hand)
 i - a ring of protection from fire (right hand)
 q - an uncursed ring of poison resistance {unknown}
Scrolls
 a - 2 scrolls of enchant weapon
 b - 5 scrolls of identify
 d - 3 scrolls of fog
 h - 2 scrolls of magic mapping
 j - 2 scrolls of enchant armour
 l - a scroll of teleportation
 m - 2 scrolls of noise
 p - a scroll of remove curse
Potions
 c - a potion of might
 e - 3 potions of curing
 f - 2 potions of invisibility
 k - a potion of resistance
 n - a potion of flight
 o - 2 potions of haste


   Skills:
 - Level 1.1 Fighting
 - Level 1.7 Dodging
 * Level 7.1 Unarmed Combat
 - Level 2.0 Spellcasting
 + Level 4.9 Transmutations


You had 4 spell levels left.
You knew the following spells:

 Your Spells              Type           Power        Failure   Level
a - Beastly Appendage     Tmut           ###...       3%          1
b - Wereblood             Tmut           ###.....     4%          2
c - Spider Form           Tmut/Pois      #.........   26%         3

Your spell library contained the following spells:

 Spells                   Type           Power        Failure   Level
 Magic Dart               Conj           #...         24%         1
 Blink                    Tloc           N/A          34%         2
 Call Imp                 Summ           #.......     34%         2
 Slow                     Hex            #.......     34%         2
 Conjure Flame            Conj/Fire      #.......     56%         3
 Mephitic Cloud           Conj/Pois/Air  #.......     56%         3
 Ice Form                 Ice/Tmut       #.......     65%         4
 Blade Hands              Tmut           ###.......   65%         5


Dungeon Overview and Level Annotations

Branches:
Dungeon (5/15)             Temple (1/1) D:4

Altars:
Ashenzari
Dithmenos
Fedhas
Gozag
Hepliaklqana
Kikubaaqudgha
Makhleb
Nemelex Xobeh
Okawaru
Qazlal
Ru
Sif Muna
Trog
Uskayaw
Vehumet
Wu Jian
Yredelemnul
Zin
The Shining One


Innate Abilities, Weirdness & Mutations

You can breathe waves of freezing cold.
You can buffet flying creatures when you breathe cold.
Your icy white scales are hard. (AC +6)
You cannot fit into any form of body armour.
Your flesh is cold resistant. (rC+)
You are cold-blooded and may be slowed by cold attacks.
You have a pair of horns on your head.
You have razor-sharp toenails.


Message History

Something hits you but does no damage.
You are too injured to fight recklessly!
You are too injured to fight recklessly!
You are too injured to fight recklessly!
You are too injured to fight recklessly!
You are too injured to fight recklessly!
You are too injured to fight recklessly!
A giant cockroach is nearby!
You closely miss the giant cockroach. Your kick misses the giant cockroach.
Your headbutt misses the giant cockroach.
Something hits you. x2; The giant cockroach barely misses you.
The giant cockroach closely misses you.
You hit the giant cockroach.
You kill the giant cockroach!
The Council accepts your kill. Something hits you!
* * * LOW HITPOINT WARNING * * *
Something barely misses you.
You start resting.
Something hits you!
You die...

#######
.....#
#....####
#.###.#.....#
#.....#.....#
#..#.#.#
#...##.##
#.###@:.# #
##.## #.# #.#
#.# #.# #.#
.#


There were no monsters in sight!

Vanquished Creatures
  An ice beast (D:5)
  An ogre (D:4)
  A scorpion (D:4)
  3 orc priests
  A centaur skeleton (D:4)
  2 orc wizards (D:3)
  A worker ant (D:5)
  10 adders
  An ooze (D:2)
  2 adder skeletons (D:4)
  2 worms
  A dart slug (D:1)
  15 orcs
  A ball python (D:2)
  6 giant cockroaches
  7 goblins
  7 hobgoblins
  4 jackals (D:1)
  5 kobolds
  2 quokkas
  10 bats
  5 frilled lizards
  4 rats
92 creatures vanquished.

Notes
Turn   | Place    | Note
-------+----------+-------------------------------------------
     0 | D:1      | kae the Draconian Transmuter began the quest for the Orb.
     0 | D:1      | Reached XP level 1. HP: 16/16 MP: 3/3
   657 | D:1      | Reached XP level 2. HP: 21/23 MP: 5/5
  1663 | D:2      | Reached XP level 3. HP: 15/28 MP: 4/6
  1835 | D:2      | Reached skill level 4 in Unarmed Combat
  2001 | D:2      | Found a shadowy altar of Dithmenos.
  2056 | D:3      | Learned a level 2 spell: Wereblood
  2378 | D:3      | Learned a level 3 spell: Spider Form
  2408 | D:3      | Reached XP level 4. HP: 19/35 MP: 3/7
  2875 | D:3      | Reached skill level 5 in Unarmed Combat
  2875 | D:3      | Reached XP level 5. HP: 13/40 MP: 4/8
  4158 | D:3      | Found a faded altar of an unknown god.
  4407 | D:4      | Reached XP level 6. HP: 42/47 MP: 9/9
  4513 | D:4      | Reached skill level 6 in Unarmed Combat
  4878 | D:4      | Found a staircase to the Ecumenical Temple.
  5123 | Temple   | Entered the Ecumenical Temple
  5155 | Temple   | Became a worshipper of the Wu Jian Council
  5377 | D:5      | Entered Level 5 of the Dungeon
  5556 | D:5      | Noticed an ice beast
  5567 | D:5      | Killed an ice beast
  5567 | D:5      | Reached skill level 7 in Unarmed Combat
  5567 | D:5      | Your scales start taking on an icy white colour.
  5567 | D:5      | Reached XP level 7. HP: 34/52 MP: 6/10
  5567 | D:5      | Gained mutation: Your flesh is cold resistant. (rC+) [White
                  | Draconian growth]
  5759 | D:5      | HP: 2/52 [orc wizard/magic dart (8)]
  6062 | D:5      | Slain by an unseen horror

Illustrated notes

Levels and vault maps discovered:
D:1:      evilmike_arrival_rings, layout_basic
D:2:      layout_basic, grunt_dithmenos_smoke
D:3:      layout_basic, chequers_ecumenical_altar_simple,
          minmay_goblin_kobold_house
D:4:      layout_basic, minmay_temple_entry_hall, hex_medium, amethyst_killhole
D:5:      layout_loops_ring, minmay_manual_monstrance, uniq_edmund,
          uniq_crazy_yiuf_cottage
Temple:   nicolae_temple_the_god_donut

Skill      XL: |  1  2  3  4  5  6 |
---------------+-------------------+-----
Unarmed Combat | 4 5 7 |  7.1
Transmutations | 3 4 |  4.9
Fighting       | |  1.1
Dodging        | |  1.7
Spellcasting   | |  2.0

Action                   |  1- 3 |  4- 6 |  7- 9 || total
-------------------------+-------+-------+-------++-------
Melee: Unarmed           |   127 |   143 |    17 ||   287
       Kick              |    15 |     7 |       ||    22
       Tailslap          |     8 |     6 |       ||    14
       Headbutt          |     8 |     2 |       ||    10
       Punch             |       |     2 |       ||     2
 Cast: Beastly Appendage |    21 |    13 |     1 ||    35
       Spider Form       |     1 |    11 |     1 ||    13
Invok: Lunge             |       |     2 |       ||     2
 Abil: Breathe Frost     |       |       |     1 ||     1
  Use: Scroll            |     3 |    12 |     1 ||    16
       Potion            |       |       |     1 ||     1
Armor: Skin              |    44 |    30 |     3 ||    77
Dodge: Dodged            |   122 |   102 |    18 ||   242

Table legend: (Time is in decaauts)
 A = Elapsed time spent in this place.
 B = Non-inter-level travel time spent in this place.
 C = Inter-level travel time spent in this place.
 D = Time resting spent in this place.
 E = Time spent auto-exploring this place.
 F = Levels seen in this place.
 G = Mean time per level.
                   A        B        C        D        E       F      G
               +--------+--------+--------+--------+--------+-----+--------+
         Total |   6037 |   5880 |    157 |   1031 |   4057 |   6 | 1006.2 |
       Dungeon |   5974 |   5848 |    126 |   1031 |   4030 |   5 | 1194.8 |
        Temple |     62 |     32 |     30 |      0 |     27 |   1 |   62.0 |
               +--------+--------+--------+--------+--------+-----+--------+

Top non-repeatable levels by time:
     D:3: 1524 daAuts
     D:2: 1409 daAuts
     D:1: 1373 daAuts
     D:4: 988 daAuts
     D:5: 679 daAuts
  Temple: 62 daAuts
